 Dungeon Crawl Stone Soup version 0.32-a0-17-gb74e046682 (webtiles) character file.

Game seed: 9958602406724396211

112 mopl the Caller (level 4, 0/24 HPs)
             Began as a Tengu Summoner on Jan 15, 2024.
             Slain by an orc
             ... wielding a +0 club
              (2 damage)
             ... on level 2 of the Dungeon.
             The game lasted 00:02:53 (2327 turns).

mopl the Caller (Tengu Summoner)                    Turns: 2327, Time: 00:02:54

Health: 0/24       AC:  2    Str:  8    XL:     4   Next: 95%
Magic:  8/10       EV: 12    Int: 24    God:
Gold:   151        SH:  0    Dex: 14    Spells: 4/10 levels left

rFire   . . .        c - +0 spear
rCold   . . .        (no shield)
rNeg    . . .        a - +0 robe
rPois   .            (helmet restricted)
rElec   .            (no cloak)
rCorr   .            (no gloves)
SInv    .            (boots unavailable)
Will    .....        i - amulet of magic regeneration
Stlth   ++           o - +6 ring of intelligence
HPRegen 0.24/turn    (no ring)
MPRegen 0.52/turn

%: acrobat
@: no status effects
A: beak, talons 3, acrobatic
a: no special abilities


You were on level 2 of the Dungeon.
You visited 1 branch of the dungeon, and saw 3 of its levels.

You collected 151 gold pieces.

Inventory:

Hand Weapons
 c - a +0 spear (weapon)
Missiles
 k - 2 boomerangs
Armour
 a - a +0 robe (worn)
 m - a +0 buckler
Magical Staves
 f - a staff of fire
Jewellery
 i - an amulet of magic regeneration (around neck)
 o - a +6 ring of intelligence (left hand)
Scrolls
 g - 2 scrolls of teleportation {unknown}
 h - a scroll of identify {unknown}
 j - a scroll of vulnerability {unknown}
 l - a scroll of immolation {unknown}
Potions
 b - 2 potions of magic
 d - a potion of cancellation {unknown}
 e - 2 potions of resistance {unknown}
 n - a potion of mutation {unknown}


   Skills:
 - Level 2.1 Dodging
 - Level 2.0 Stealth
 + Level 3.5 Spellcasting
 + Level 6.2 Summonings


You had 4 spell levels left.
You knew the following spells:

 Your Spells              Type           Power      Damage    Failure   Level
a - Summon Small Mammal   Summ           100%       N/A       1%          1
b - Call Imp              Summ           68%        N/A       1%          2
c - Call Canine Familiar  Summ           34%        N/A       2%          3

Your spell library contained the following spells:

 Spells                   Type           Power      Damage    Failure   Level
 Slow                     Hex            16%        N/A       11%         1
 Cigotuvi's Dreadful Rot  Necr/Alch/Air  8%         N/A       16%         2
 Martyr's Knell           Necr/Summ      19%        N/A       28%         4
 Summon Blazeheart Golem  Fire/Summ      19%        N/A       28%         4
 Summon Lightning Spire   Summ/Air       19%        N/A       28%         4
 Confusing Touch          Hex            4%         N/A       30%         3
 Sigil of Binding         Hex            4%         N/A       30%         3
 Vampiric Draining        Necr           4%         2d6       30%         3
 Dispel Undead            Necr           4%         3d7       71%         4
 Death Channel            Necr           2%         N/A       100%        6


Dungeon Overview and Level Annotations

Branches:
Dungeon (3/15)

Altars:

Annotations:
D:1 bb
D:3 Pargi


Innate Abilities, Weirdness & Mutations

You have a beak for a mouth.
You have claws for feet.
You can magically evade attacks while moving or waiting.


Message History

No target in view!
No target in view!
Things that are here:
a +0 hand axe; a +0 leather armour HP restored.
There is a stone staircase leading down here.
You climb downwards.
Level annotation: Pargi
There is a stone staircase leading up here.
An orc is nearby!
Casting: Call Canine Familiar (dangerous; 2% risk of failure)
Confirm with . or Enter, or press ? or * to list all spells.
You call for your canine familiar and it appears with a howl!
The orc shouts!
You hear a shout! x2
Found a stone staircase leading down.
Found a club.
The orc priest shouts!
You hit the orc but do no damage. The orc hits you with a +0 club.
Your inugami barely misses the orc.
You hit the orc but do no damage.
The orc priest calls down the wrath of Beogh upon you.
Beogh smites you! The orc barely misses you.
Your inugami hits the orc but does no damage.
Unknown command.
The orc misses you.
Your inugami hits the orc.
You see here a scroll labelled JEUCVI GERA.
There is a stone staircase leading up here.
The orc priest calls down the wrath of Beogh upon you.
Beogh smites you!
* * * LOW HITPOINT WARNING * * *
Your inugami barely misses the orc.
The orc closely misses you.
You climb upwards.
There is a stone staircase leading down here.
Things that are here:
a +0 flail; an orc corpse
Casting: Call Canine Familiar (dangerous; 2% risk of failure)
Confirm with . or Enter, or press ? or * to list all spells.
A tiny devil pulls itself out of the air.
The orc hits you with a +0 club.
You die...

#.# #.# #.#
#.. #.# #.#
#.# ### #.#
#.# #.# #.#
#.# #.# #.#
#.# #.# #.#
#.# #.# #.#
#.# #.#
##.#######.#
#.#
#.....5o@[.#
#.#
##...########
#.# #....# #.#
#....# #.#
#.#.## #.#
#.#.# #.#
#.#.# #######
#.# #.#.#
#.....#
#.#####
#.#.####.###.#
##......


You could see an orc (ally target) and a friendly cerulean imp (summoned).

Vanquished Creatures
  A dart slug (D:1)
  A ribbon worm (D:2)
  6 orcs
  6 ball pythons
  3 endoplasms
  2 giant cockroaches
  4 goblins
  3 hobgoblins
  2 jackals (D:1)
  3 quokkas
  5 bats
  4 frilled lizards
  3 kobolds
  5 rats
48 creatures vanquished.

Vanquished Creatures (collateral kills)
  A hound (D:3)
  A gnoll (D:1)
  An adder (D:3)
  A ribbon worm (D:2)
  A goblin (D:2)
  A rat (D:3)
6 creatures vanquished.

Grand Total: 54 creatures vanquished

Notes
Turn   | Place    | Note
-------+----------+-------------------------------------------
     0 | D:1      | mopl the Tengu Summoner began the quest for the Orb.
     0 | D:1      | Reached XP level 1. HP: 10/10 MP: 4/4
   134 | D:1      | Reached skill level 5 in Summonings
   135 | D:1      | Reached XP level 2. HP: 15/15 MP: 6/6
   138 | D:1      | Learned a level 2 spell: Call Imp
   415 | D:1      | Reached XP level 3. HP: 19/19 MP: 7/7
  1176 | D:2      | Learned a level 3 spell: Call Canine Familiar
  1407 | D:2      | Reached skill level 3 in Spellcasting
  1726 | D:3      | Reached skill level 6 in Summonings
  1726 | D:3      | Reached XP level 4. HP: 6/24 MP: 9/9
  2191 | D:3      | Noticed Pargi
  2325 | D:3      | HP: 1/24 [orc priest/divine providence (9)]
  2327 | D:2      | Slain by an orc

Illustrated notes

Levels and vault maps discovered:
D:1:      saegor_arrival_simple_e, layout_loops_corners, serial_park_tiny_pond,
          lemuel_flame_loot_1
D:2:      layout_loops_ring
D:3:      layout_rooms, serial_rivers, chequers_serial_rivers_small_b,
          chequers_serial_rivers_room_a, chequers_serial_rivers_large_b,
          chequers_serial_rivers_small_3, chequers_serial_rivers_room_b,
          uniq_pargi

Skill      XL: |  1  2  3 |
---------------+----------+-----
Summonings     | 5 6 |  6.2
Spellcasting   | 3 |  3.5
Dodging        | |  2.1
Stealth        | |  2.0

Action                     |  1- 3 |  4- 6 || total
---------------------------+-------+-------++-------
  Melee: Unarmed           |    10 |       ||    10
         Kick              |    27 |     7 ||    34
         Staff             |     4 |       ||     4
         Peck              |    11 |     2 ||    13
         Spear             |   101 |    33 ||   134
         Punch             |     2 |       ||     2
   Cast: Call Imp          |     4 |     3 ||     7
         Summon Small Mamm |     1 |       ||     1
         Call Canine Famil |       |     2 ||     2
   Stab: Sleeping          |    10 |     2 ||    12
         Distracted        |     1 |       ||     1
 Armour: Robe              |    41 |    15 ||    56
  Dodge: Dodged            |    86 |    22 ||   108

Table legend: (Time is in decaauts)
 A = Elapsed time spent in this place.
 B = Non-inter-level travel time spent in this place.
 C = Inter-level travel time spent in this place.
 D = Time resting spent in this place.
 E = Time spent auto-exploring this place.
 F = Levels seen in this place.
 G = Mean time per level.
                   A        B        C        D        E       F      G
               +--------+--------+--------+--------+--------+-----+--------+
         Total |   2371 |   2249 |    122 |    184 |   1597 |   3 |  790.3 |
       Dungeon |   2371 |   2249 |    122 |    184 |   1597 |   3 |  790.3 |
               +--------+--------+--------+--------+--------+-----+--------+

Top non-repeatable levels by time:
     D:1: 1046 daAuts
     D:2: 751 daAuts
     D:3: 573 daAuts
